 Dungeon Crawl Stone Soup version 0.32-a0-391-gce5c0aab1b (webtiles) character file.

Game seed: 5364825070074083285

807 Goblin1989 the Cutter (level 7, 0/50 HPs)
             Began as a Coglin Brigand on Feb 20, 2024.
             Was a Follower of Lugonu.
             Slain by a gnoll sergeant
             ... wielding a +0 trident
              (3 damage)
             ... on level 5 of the Dungeon.
             The game lasted 00:09:19 (4025 turns).

Goblin1989 the Cutter (Coglin Brigand)              Turns: 4025, Time: 00:09:20

Health: 0/50       AC:  4    Str: 17    XL:     7   Next: 92%
Magic:  7/7        EV: 11    Int: 11    God:    Lugonu [*.....]
Gold:   234        SH:  0    Dex: 17    Spells: 6/6 levels left

rFire   . . .        a - +2 dagger {Ari}
rCold   . . .        t - +0 dagger (speed) {Jia}
rNeg    . . .        b - +0 robe
rPois   .            u - +0 helmet
rElec   .            c - +0 cloak
rCorr   .            (no gloves)
SInv    .            (no boots)
Will    .....        (no amulet)
Stlth   +++          q - +6 ring of strength
HPRegen 0.28/turn    (no ring)
MPRegen 0.10/turn

%: no passive effects
@: no status effects
A: off-hand wielding, slow wielding, warmup strikes, warmup strides
a: Renounce Religion, Depart the Abyss


You were on level 5 of the Dungeon.
You worshipped Lugonu.
Lugonu was aware of your devotion.
You visited 1 branch of the dungeon, and saw 5 of its levels.
You visited the Abyss 2 times.

You collected 234 gold pieces.

Inventory:

Hand Weapons
 a - a +2 dagger (weapon) {Ari}
 t - a +0 dagger of speed (worn) {Jia}
Missiles
 d - 5 poisoned darts (quivered)
 g - 38 stones
 o - 10 boomerangs {@Q3}
Armour
 b - a +0 robe (worn)
 c - a +0 cloak (worn)
 u - a +0 helmet (worn)
Jewellery
 q - a +6 ring of strength (left grasper)
Wands
 y - a wand of charming (3)
Scrolls
 j - 3 scrolls of identify {unknown}
 l - a scroll of poison {unknown}
 r - a scroll of immolation {unknown}
 s - 2 scrolls of fear {unknown}
 v - a scroll of amnesia {unknown}
 z - a scroll of butterflies {unknown}
 A - a scroll of silence {unknown}
 B - a scroll of noise {unknown}
Potions
 h - a potion of degeneration {unknown}
 k - a potion of mutation {unknown}
 n - a potion of invisibility {unknown}
 p - a potion of might {unknown}
 w - a potion of magic {unknown}
 x - a potion of ambrosia {unknown}


   Skills:
 - Level 2.0 Fighting
 + Level 6.3 Short Blades
 - Level 1.7 Throwing
 - Level 0.8 Dodging
 - Level 6.0 Stealth


You had 6 spell levels left.
You didn't know any spells.
Your spell library contained the following spells:

 Spells                   Type           Power      Damage    Failure   Level
 Apportation              Tloc           0%         N/A       34%         1
 Necrotise                Necr           0%         1d4       34%         1
 Sting                    Conj/Alch      0%         1d3       34%         1
 Summon Small Mammal      Summ           0%         N/A       34%         1
 Fugue of the Fallen      Necr           0%         N/A       71%         3
 Inner Flame              Hex/Fire       0%         N/A       71%         3
 Ozocubu's Armour         Ice            0%         N/A       71%         3
 Manifold Assault         Tloc           0%         N/A       98%         4
 Irradiate                Conj/Alch      0%         3d11      100%        5
 Ignition                 Fire           0%         3d3       100%        8


Dungeon Overview and Level Annotations

Branches:
Dungeon (5/15) Zot: 26098
 Temple: D:4-7

Altars:
The Shining One


Innate Abilities, Weirdness & Mutations

You can wield a second weapon in your off-hand.
It takes a long time for you to wield or remove held weapons.
Your first few attacks do less damage.
Your first movements take longer.


Message History

The brain worm is heavily wounded.
You hit the brain worm with your +2 dagger.
The brain worm closely misses you.
You hit the brain worm with your +0 dagger of speed.
The brain worm is heavily wounded.
You hit the brain worm but do no damage.
You hit the brain worm with your +2 dagger.
The brain worm is almost dead.
You hit the brain worm but do no damage.
The brain worm completely misses you.
You barely miss the brain worm with your +0 dagger of speed.
The brain worm is severely wounded.
You hit the brain worm with your +2 dagger.
You barely miss the brain worm with your +0 dagger of speed.
The brain worm is almost dead.
You hit the brain worm with your +2 dagger.
You kill the brain worm!
Your Short Blades skill increases to level 6!
You see here a brain worm corpse.
Found a gateway leading deeper into the Abyss.
Found a gateway leading out of the Abyss.
A spatial vortex comes into view.
The spatial vortex moves out of view.
A spatial vortex comes into view. x2
A spatial vortex comes into view.
A spatial vortex comes into view.
There is a gateway leading out of the Abyss here.
You pass through the gate.
Welcome back to the Dungeon!
Unknown command.
You completely miss the quokka with your +0 dagger of speed.
You hit the quokka with your +2 dagger. The quokka closely misses you.
You hit the quokka with your +0 dagger of speed.
The quokka is almost dead.
You hit the quokka but do no damage.
You hit the quokka with your +0 dagger of speed.
You kill the quokka!
Lugonu accepts your kill.
Throw: dart (curare)
Press: ? - help, Q - select action, (/) - cycle Shift-Dir - straight line, f - gnoll sergeant
Aim: a gnoll sergeant, wielding a +0 trident, wearing a +0 ring mail and wearing a +0 kite shield (69% to hit)
You throw a curare-tipped dart.
The curare-tipped dart barely misses the gnoll sergeant.
Unknown command.
Unknown command.
Unknown command.
Throw: 11 darts (poison)
Press: ? - help, Q - select action, (/) - cycle Shift-Dir - straight line, f/p - gnoll sergeant
Aim: a gnoll sergeant, wielding a +0 trident, wearing a +0 ring mail and wearing a +0 kite shield (69% to hit)
You throw a poisoned dart.
The poisoned dart barely misses the gnoll sergeant.
The gnoll sergeant closely misses you.
Throw: 10 darts (poison)
Press: ? - help, Q - select action, (/) - cycle Shift-Dir - straight line, f/p - gnoll sergeant
Aim: a gnoll sergeant, wielding a +0 trident, wearing a +0 ring mail and wearing a +0 kite shield (69% to hit)
You throw a poisoned dart.
The poisoned dart barely misses the gnoll sergeant.
The poisoned dart barely misses the gnoll sergeant.
Throw: 9 darts (poison)
Press: ? - help, Q - select action, (/) - cycle Shift-Dir - straight line, f/p - gnoll sergeant
Aim: a gnoll sergeant, wielding a +0 trident, wearing a +0 ring mail and wearing a +0 kite shield (69% to hit)
You throw a poisoned dart.
The gnoll sergeant blocks the poisoned dart.
The gnoll sergeant hits you from afar with a +0 trident!
You take 10 damage, and have 40/50 hp.
Throw: 8 darts (poison)
Press: ? - help, Q - select action, (/) - cycle Shift-Dir - straight line, f/p - gnoll sergeant
Aim: a gnoll sergeant, wielding a +0 trident, wearing a +0 ring mail and wearing a +0 kite shield (69% to hit)
You throw a poisoned dart.
The poisoned dart hits the gnoll sergeant.
The gnoll sergeant is poisoned.
The gnoll sergeant hits you from afar with a +0 trident!
You take 7 damage, and have 33/50 hp.
Throw: 7 darts (poison)
Press: ? - help, Q - select action, (/) - cycle Shift-Dir - straight line, f/p - gnoll sergeant
Aim: a gnoll sergeant, wielding a +0 trident, wearing a +0 ring mail and wearing a +0 kite shield (lightly wounded, poisoned, 69% to hit)
You throw a poisoned dart.
The poisoned dart barely misses the gnoll sergeant.
The poisoned dart hits the gnoll sergeant.
The gnoll sergeant is poisoned.
The gnoll sergeant hits you from afar with a +0 trident!
* * * LOW HITPOINT WARNING * * *
You take 11 damage, and have 22/50 hp.
MASSIVE DAMAGE!!
Throw: 6 darts (poison)
Press: ? - help, Q - select action, (/) - cycle Shift-Dir - straight line, f/p - gnoll sergeant
Aim: a gnoll sergeant, wielding a +0 trident, wearing a +0 ring mail and wearing a +0 kite shield (lightly wounded, poisoned, 69% to hit)
You throw a poisoned dart.
The poisoned dart hits the gnoll sergeant.
The gnoll sergeant looks even sicker.
The gnoll sergeant is lightly wounded.
The gnoll sergeant barely misses you.
The gnoll sergeant attacks as it pursues you!
The gnoll sergeant hits you from afar with a +0 trident.
* * * LOW HITPOINT WARNING * * *
The gnoll sergeant hits you from afar with a +0 trident!
* * * LOW HITPOINT WARNING * * *
You take 19 damage, and have 3/50 hp.
MASSIVE DAMAGE!!
The gnoll sergeant attacks as it pursues you!
The gnoll sergeant hits you from afar with a +0 trident.
You die...

█.█)█████████████.██.......
~~~██......................██.█
~~~~███........................
~~~~~ █$..███████████..<█.█.█.█
~~~~~~█.█.█ █████.█.█.█
~~~~~~█.█... ........█.█.█
~~~~~~█.████████ █████████.█.█
....?(∆..(g†g..█ █.█.█
......∆.██████@█ █.█.█
~~~~~~█......█.█ █.█.█
~~~~~~█.████.█.█ █.█.█
~~~~~~█.█ █.█ ~~~~~ █.█ █.█ ~~
█.█ █.█ ~ █.█ █.█ █.█ █.█ █.█


You could see 2 gnoll sergeants.

Vanquished Creatures
  A black bear (D:4)
  A phantom (D:4)
  A brain worm (Abyss:3)
  A bullfrog (D:4)
  A scorpion (D:4)
  A wight (D:4)
  A bombardier beetle (D:4)
  2 hounds (D:4)
  2 iguanas (D:4)
  8 gnolls
  3 adders
  A shadow imp (D:4)
  6 dart slugs
  2 ribbon worms
  2 orcs
  4 ball pythons
  5 endoplasms
  7 giant cockroaches
  7 goblins
  8 hobgoblins
  3 jackals (D:3)
  5 quokkas
  3 bats (D:1)
  A frilled lizard (D:1)
  5 kobolds
  2 rats (D:1)
83 creatures vanquished.

Notes
Turn   | Place    | Note
-------+----------+-------------------------------------------
     0 | D:1      | Goblin1989 the Coglin Brigand began the quest for the Orb.
     0 | D:1      | Reached XP level 1. HP: 16/16 MP: 1/1
   237 | D:1      | Reached XP level 2. HP: 22/22 MP: 2/2
   304 | D:1      | Reached XP level 3. HP: 27/27 MP: 3/3
   702 | D:2      | Reached XP level 4. HP: 32/33 MP: 4/4
   817 | D:2      | You fall into a shaft and drop 1 floor!
  1272 | D:3      | Found a faded altar of an unknown god.
  1366 | D:3      | Reached XP level 5. HP: 33/38 MP: 5/5
  1587 | D:3      | Found a glowing golden altar of the Shining One.
  1981 | D:4      | Noticed an ice beast
  2349 | D:4      | Reached XP level 6. HP: 35/44 MP: 6/6
  2395 | D:4      | Reached skill level 5 in Stealth
  2538 | D:4      | Noticed a black bear
  2548 | D:4      | Killed a black bear
  2568 | D:4      | Reached XP level 7. HP: 18/50 MP: 7/7
  2708 | D:4      | Reached skill level 5 in Short Blades
  3480 | D:5      | Entered Level 5 of the Dungeon
  3649 | Abyss:1  | Cast into level 1 of the Abyss (gnoll sergeant)
  3652 | Abyss:1  | Found a corrupted altar of Lugonu.
  3660 | Abyss:1  | Became a worshipper of Lugonu the Unformed
  3660 | Abyss:1  | Reached * piety under Lugonu
  3660 | Abyss:1  | Reached ** piety under Lugonu
  3661 | D:5      | Escaped the Abyss
  3834 | Abyss:2  | Cast into level 2 of the Abyss (gnoll sergeant)
  3869 | Abyss:2  | Noticed a wretched star
  3979 | Abyss:3  | Noticed a snapping turtle
  3979 | Abyss:3  | Found a corrupted altar of Lugonu.
  4002 | Abyss:3  | Noticed a spatial vortex
  4003 | Abyss:3  | Noticed a spatial vortex
  4003 | Abyss:3  | Noticed a spatial vortex
  4004 | Abyss:3  | Noticed a spatial vortex
  4006 | Abyss:3  | Noticed a spatial vortex
  4008 | D:5      | Escaped the Abyss
  4025 | D:5      | Slain by a gnoll sergeant

Illustrated notes

Levels and vault maps discovered:
D:1:      zaba_arrival_water, layout_rooms, amethyst_killhole
D:2:      layout_rooms, grunt_ministairs_12, hex_tiny
D:3:      layout_basic, nicolae_tso_carved_into_rock, basic_ecumenical_altar
D:4:      minmay_thick_lines, layout_loops_corners
D:5:      kennysheep_big_flooded_room, layout_basic,
          minmay_temple_entry_overgrown

Skill      XL: |  1  2  3  4  5  6  7 |
---------------+----------------------+-----
Short Blades   | 2 3 4 6 |  6.3
Stealth        | 4 5 6 |  6.0
Fighting       | |  2.0
Throwing       | |  1.7
Dodging        | |  0.8

Action                     |  1- 3 |  4- 6 |  7- 9 || total
---------------------------+-------+-------+-------++-------
  Melee: Dagger            |    59 |   247 |   143 ||   449
         Short sword       |    58 |    40 |       ||    98
  Throw: Dart              |       |     9 |    14 ||    23
 Invoke: Depart the Abyss  |       |       |     1 ||     1
  Evoke: Wand              |       |     1 |       ||     1
    Use: Potion            |       |       |     5 ||     5
   Stab: Sleeping          |     1 |     6 |     2 ||     9
         Distracted        |     1 |       |       ||     1
 Armour: Robe              |    23 |    51 |    44 ||   118
  Dodge: Dodged            |    34 |    58 |    32 ||   124

Table legend: (Time is in decaauts)
 A = Elapsed time spent in this place.
 B = Non-inter-level travel time spent in this place.
 C = Inter-level travel time spent in this place.
 D = Time resting spent in this place.
 E = Time spent auto-exploring this place.
 F = Levels seen in this place.
 G = Mean time per level.
                   A        B        C        D        E       F      G
               +--------+--------+--------+--------+--------+-----+--------+
         Total |   4082 |   3994 |     88 |    724 |   2366 |   8 |  510.2 |
       Dungeon |   3898 |   3810 |     88 |    591 |   2366 |   5 |  779.6 |
         Abyss |    183 |    183 |      0 |    133 |      0 |   3 |   61.0 |
               +--------+--------+--------+--------+--------+-----+--------+

Top non-repeatable levels by time:
     D:4: 1659 daAuts
     D:1: 729 daAuts
     D:3: 688 daAuts
     D:2: 570 daAuts
     D:5: 250 daAuts
 Abyss:2: 145 daAuts
 Abyss:3: 26 daAuts
 Abyss:1: 12 daAuts
